 Dungeon Crawl Stone Soup version 0.21.0-36-ge3e1d5aaab (webtiles) character file.

2316 Rrauwl the Archer (level 9, -8/48 HPs)
             Began as a Deep Elf Hunter on Jan 30, 2018.
             Was a Believer of Kikubaaqudgha.
             Killed by miscasting Sticky Flame (31 damage)
             ... on level 7 of the Dungeon.
             The game lasted 00:29:46 (6321 turns).

Rrauwl the Archer (Deep Elf Hunter)                 Turns: 6321, Time: 00:29:47

Health: -8/48      AC:  6    Str: 10    XL:     9   Next: 18%
Magic:  6/18       EV: 15    Int: 19    God:    Kikubaaqudgha [**....]
Gold:   308        SH:  3    Dex: 15    Spells: 6/18 levels left

rFire    . . .     SeeInvis .   a - +1 whip (elec)
rCold    . . .     Gourm    .   (no shield)
rNeg     . . .     Faith    .   c - +0 leather armour
rPois    +         Spirit   .   f - +1 hat
rElec    .         Reflect  +   g - +0 cloak
rCorr    .         Harm     .   (no gloves)
MR       .....                  s - +0 pair of boots
Stlth    ++........             t - +3 amulet of reflection
HPRegen  0.16/turn              l - ring of poison resistance
MPRegen  0.16/turn              (no ring)

@: very slightly contaminated
A: talons 1
a: Receive Corpses, Renounce Religion


You were on level 7 of the Dungeon.
You worshipped Kikubaaqudgha.
Kikubaaqudgha was pleased with you.
You were not hungry.

You visited 1 branch of the dungeon, and saw 7 of its levels.

You collected 308 gold pieces.

Inventory:

Hand Weapons
 a - a +1 whip of electrocution (weapon)
 b - a +1 shortbow
Missiles
 d - 66 arrows
Armour
 c - a +0 leather armour (worn)
 f - a +1 hat (worn)
 g - a +0 cloak (worn)
 s - a +0 pair of boots (worn)
Jewellery
 l - a ring of poison resistance (left hand)
 t - a +3 amulet of reflection (around neck)
Wands
 j - a wand of iceblast (10)
 u - a wand of flame (33)
Scrolls
 i - 13 scrolls of identify
 m - 3 scrolls of immolation
 n - a scroll of enchant weapon
 o - 3 scrolls of magic mapping
 p - 4 scrolls of amnesia
 x - a scroll of teleportation
Potions
 h - a potion of curing
 k - 4 potions of flight
 q - a potion of agility
Books
 r - Kikubaaqudgha's Compendium of Black Secrets
   (Kikubaaqudgha gifted it to you on level 5 of the Dungeon)

   Spells                             Type                      Level
   a - Pain                           Necromancy                   1
   b - Corpse Rot                     Necromancy                   2
   c - Sublimation of Blood           Necromancy                   2
   d - Regeneration                   Charms/Necromancy            3
 w - a book of Flames

   Spells                             Type                      Level
   a - Flame Tongue                   Conjuration/Fire             1
   b - Throw Flame                    Conjuration/Fire             2
   c - Conjure Flame                  Conjuration/Fire             3
   d - Inner Flame                    Hexes/Fire                   3
   e - Sticky Flame                   Conjuration/Fire             4
   f - Fireball                       Conjuration/Fire             5
Comestibles
 e - 13 rations
 v - 7 chunks of flesh


   Skills:
 - Level 2.0 Fighting
 + Level 9.3 Bows
 + Level 2.4 Armour
 + Level 6.3 Dodging
 - Level 2.0 Stealth
 + Level 5.2 Spellcasting
 + Level 1.3 Conjurations
 + Level 1.6 Hexes
 - Level 5.0 Charms
 + Level 4.7 Necromancy
 + Level 1.3 Fire Magic


You had 6 spell levels left.
You knew the following spells:

 Your Spells              Type           Power        Failure   Level  Hunger
a - Regeneration          Chrm/Necr      ###.......   6%          3    ##.....
b - Sublimation of Blood  Necr           ###.......   3%          2    None
c - Inner Flame           Hex/Fire       ##......     26%         3    ##.....
d - Sticky Flame          Conj/Fire      ##......     65%         4    ####...


Dungeon Overview and Level Annotations

Branches:
Dungeon (7/15)             Temple (0/1) D:6

Altars:
Ashenzari
Cheibriados
Dithmenos
Elyvilon
Hepliaklqana
Kikubaaqudgha
Uskayaw
Xom
The Shining One

Shops:
D:6 %


Innate Abilities, Weirdness & Mutations

You have sharp toenails.


Message History

Confirm with . or Enter, or press ? or * to list all spells.
The spell is very dangerous to cast!
Continue anyway? [Y]es or [N]o only, please.
The spell is very dangerous to cast!
Continue anyway?
Aiming: Sticky Flame
Press: ? - help, Shift-Dir - straight line, f/p - sky beast
Aim: a sky beast (moderately wounded)
You miscast Sticky Flame.
Your hair stands on end.
The sky beast closely misses you.
Casting: Sticky Flame
Confirm with . or Enter, or press ? or * to list all spells.
The spell is very dangerous to cast!
Continue anyway?
Aiming: Sticky Flame
Press: ? - help, Shift-Dir - straight line, f/p - sky beast
Aim: a sky beast (moderately wounded)
You miscast Sticky Flame.
You are caught in a fiery explosion!
The explosion engulfs you!
Ouch! That really hurt!
You die...
Kikubaaqudgha rasps: "You have failed me!
Welcome... death!"

...# #### (>.# .((..
...# .(. ...# ... =..#
#(##...# #......# #Y#
##### #@##.... #.#..#
##...# ≈#####.÷### ###
........####### ####...
(.###.........####....#
####.####.......# #.#
#####.#.# #.# #.#.# ##


You could see a sky beast.

Vanquished Creatures
  An orc warrior (D:7)
  4 ogres
  2 ice beasts
  3 centaurs
  2 bullfrogs (D:6)
  2 scorpions (D:6)
  A centaur zombie (D:6)
  A crimson imp (D:6)
  A bullfrog zombie (D:5)
  5 orc priests
  7 hounds
  2 bullfrog skeletons
  An iguana (D:6)
  14 orc wizards
  2 worker ants
  A hound skeleton (D:4)
  A howler monkey zombie (D:5)
  4 gnolls (D:5)
  10 adders
  2 oozes (D:1)
  An adder zombie (D:6)
  3 dart slugs
  5 leopard geckos
  18 orcs
  8 giant cockroaches
  9 goblins
  4 hobgoblins
  9 jackals
  2 quokkas
  A ball python skeleton (D:6)
  5 bats
  7 frilled lizards
  5 kobolds
  A leopard gecko skeleton (D:5)
  8 rats
152 creatures vanquished.

Vanquished Creatures (others)
  An orc (D:7)
1 creature vanquished.

Grand Total: 153 creatures vanquished

Notes
Turn   | Place    | Note
-------+----------+-------------------------------------------
     0 | D:1      | Rrauwl the Deep Elf Hunter began the quest for the Orb.
     0 | D:1      | Reached XP level 1. HP: 12/12 MP: 3/3
   439 | D:1      | Reached XP level 2. HP: 17/17 MP: 4/4
   731 | D:2      | Reached XP level 3. HP: 16/21 MP: 5/5
   745 | D:2      | Reached skill level 1 in Armour
   849 | D:2      | Gained mutation: You have an increased reservoir of magic. (+10% MP) [potion of mutation]
   849 | D:2      | Lost mutation: You have an increased reservoir of magic. (+10% MP) [potion of mutation]
   849 | D:2      | Gained mutation: You have sharp toenails. [potion of mutation]
   876 | D:2      | Found a shimmering altar of Xom.
   957 | D:2      | Reached XP level 4. HP: 26/26 MP: 6/6
  1028 | D:2      | Reached skill level 5 in Bows
  1294 | D:2      | Found a faded altar of an unknown god.
  1454 | D:3      | Reached XP level 5. HP: 26/30 MP: 7/7
  1704 | D:3      | Noticed an ogre
  1712 | D:3      | Killed an ogre
  1712 | D:3      | Reached skill level 6 in Bows
  1712 | D:3      | Reached XP level 6. HP: 34/35 MP: 8/8
  1843 | D:3      | Found a shadowy altar of Dithmenos.
  1847 | D:3      | Found a glowing golden altar of the Shining One.
  1847 | D:3      | Found an ancient bone altar of Kikubaaqudgha.
  1848 | D:3      | Found a hide-covered altar of Uskayaw.
  1849 | D:3      | Found a snail-covered altar of Cheibriados.
  1865 | D:3      | Became a worshipper of Kikubaaqudgha
  2525 | D:4      | Found a shattered altar of Ashenzari.
  2774 | D:4      | Reached skill level 7 in Bows
  2864 | D:5      | Entered Level 5 of the Dungeon
  2887 | D:5      | Reached skill level 8 in Bows
  2887 | D:5      | Reached XP level 7. HP: 34/40 MP: 9/9
  2965 | D:5      | Found a hazy altar of Hepliaklqana.
  2998 | D:5      | Reached * piety under Kikubaaqudgha
  2998 | D:5      | Identified Kikubaaqudgha's Compendium of Black Secrets (Kikubaaqudgha gifted it to you on level 5 of the Dungeon)
  2998 | D:5      | Received a gift from Kikubaaqudgha
  3004 | D:5      | Learned a level 3 spell: Regeneration
  3198 | D:5      | Reached skill level 1 in Spellcasting
  3198 | D:5      | Reached skill level 1 in Charms
  3402 | D:5      | Reached skill level 1 in Necromancy
  3713 | D:5      | Reached XP level 8. HP: 21/44 MP: 13/13
  3900 | D:5      | Reached skill level 5 in Dodging
  3904 | D:5      | Learned a level 2 spell: Sublimation of Blood
  5032 | D:6      | Reached skill level 9 in Bows
  5375 | D:6      | Found a staircase to the Ecumenical Temple.
  5390 | D:6      | Reached ** piety under Kikubaaqudgha
  5390 | D:6      | Reached skill level 5 in Charms
  5424 | D:6      | Found Getangits's Food Boutique.
  5435 | D:6      | Learned a level 3 spell: Inner Flame
  5440 | D:6      | Learned a level 4 spell: Sticky Flame
  5633 | D:6      | Reached XP level 9. HP: 48/48 MP: 18/18
  5665 | D:6      | Found a white marble altar of Elyvilon.
  5872 | D:6      | Reached skill level 5 in Spellcasting
  5872 | D:6      | Reached skill level 1 in Hexes
  5969 | D:7      | Reached skill level 1 in Conjurations
  5969 | D:7      | Reached skill level 1 in Fire Magic
  6321 | D:7      | Killed by miscasting Sticky Flame

Skill      XL: |  1  2  3  4  5  6  7  8  9 |
---------------+----------------------------+-----
Stealth        | 2 |  2.0
Fighting       | 2 |  2.0
Dodging        | 3 4 6 |  6.3
Armour         | 1 2 |  2.4
Bows           | 5 6 8 9 |  9.3
Spellcasting   | 2 4 5 |  5.2
Charms         | 2 5 |  5.0
Necromancy     | 2 4 |  4.7
Hexes          | 1 |  1.6
Conjurations   | 1 |  1.3
Fire Magic     | 1 |  1.3

Action                   |  1- 3 |  4- 6 |  7- 9 || total
-------------------------+-------+-------+-------++-------
Melee: Whip              |    28 |    22 |   100 ||   150
       Kick              |       |     2 |     2 ||     4
 Fire: Shortbow          |    85 |   145 |   269 ||   499
  Use: Potion            |     5 |     6 |     7 ||    18
       Scroll            |     6 |     3 |     1 ||    10
 Stab: Distracted        |       |       |     1 ||     1
  Eat: Chunk             |       |     5 |     8 ||    13
       Ration            |       |       |     1 ||     1
Armor: Leather armour    |    22 |    15 |    29 ||    66
Dodge: Dodged            |    53 |    32 |   116 ||   201
Block: Other             |       |       |    16 ||    16
       Reflection        |       |       |     3 ||     3
